cohdb
Replays
Latest Replays
All Replays
Popular Replays
Top Player Replays
Match Explorer
How It Works
Community
CoH3 Stats
Reddit
Sign in to upload your games and track your stats! →
Sign in with Steam
Convoy Stuies
Match 22061586
Overview
Messages
Build Orders
End
Panzergrenadier Squad
Panzerpioneer Squad
250 Light Carrier
Construct Light Support Kompanie
Combat Half-tracks
2.5-tonne Medical Truck
Fire Support Elements
le.IG 18 Support Gun Team
Panzerjäger Squad
Flakvierling Half-track
Pak 38 Anti-tank Gun Team
Pak 38 Anti-tank Gun Team
Construct Panzerarmee Kommand
Veteran Squad Leaders
Panzerpioneer Squad
MG34 Team
Armored Reserves
Selects Armored Support Battlegroup
Selects Salvage Kits
Selects Panzer Storm
Pak 38 Anti-tank Gun Team
StuG Assault Group
Selects Stuka Anti-tank Loiter
MrEko
dr.farsh
ßoo
Auto Turret
0
0
Comments
sign in to comment!
No comments posted yet!